 Dungeon Crawl Stone Soup version 0.27.1 (webtiles) character file.

Game seed: 7120253512247190877

8362 BOMJPIETVODKU the Geomancer (level 11, -2/82 HPs)
             Began as a Yellow Draconian Earth Elementalist on Aug 26, 2021.
             Was an Initiate of Cheibriados.
             Killed from afar by a deep elf zephyrmancer (17 damage)
             ... with a bolt of lightning
             ... on level 10 of the Dungeon.
             The game lasted 00:32:08 (13770 turns).

BOMJPIETVODKU the Geomancer (DrEE)                 Turns: 13770, Time: 00:32:08

Health: -2/82      AC: 12    Str: 12    XL:     11   Next: 8%
Magic:  2/18       EV: 12    Int: 19    God:    Cheibriados [......]
Gold:   1414       SH:  0    Dex: 13    Spells: 7/20 levels left

rFire    . . .     SeeInvis .   l - +3 whip (flame)
rCold    . . .     Faith    .   (no shield)
rNeg     . . .     Spirit   .   (armour unavailable)
rPois    .         Reflect  .   v - +2 hat
rElec    .         Harm     .   (no cloak)
rCorr    +         Rampage  .   j - +0 pair of gloves
Will     .....                  u - +1 pair of boots
Stlth    ++........             (no amulet)
HPRegen  0.23/turn              (no ring)
MPRegen  0.16/turn              (no ring)

@: very slow
A: spit acid, AC +7, unfitting armour, cold-blooded, acid resistance
a: Breathe Acid, Renounce Religion, Bend Time


You were on level 10 of the Dungeon.
You worshipped Cheibriados.
Cheibriados was noncommittal.
You visited 2 branches of the dungeon, and saw 11 of its levels.

You collected 1414 gold pieces.

Inventory:

Hand Weapons
 l - a +3 whip of flaming (weapon)
 r - the +8 hunting sling "Kuput" {vorpal, Dex+2}
   (You found it on level 6 of the Dungeon)

   Any ammunition fired from it inflicts extra damage upon your enemies.
   Dex:       It affects your dexterity (+2).
Missiles
 b - 202 stones
 h - 8 javelins
Armour
 j - a +0 pair of gloves (worn)
 u - a +1 pair of boots (worn)
 v - a +2 hat (worn)
 x - the +0 pair of gloves "Sietun" {+Blink +Inv MP-9 Str+7}
   (You found it on level 8 of the Dungeon)

   Str:       It affects your strength (+7).
   MP:        It affects your magic capacity (-9).
   +Inv:      It lets you turn invisible.
   +Blink:    It lets you blink.
 A - a +0 buckler
Jewellery
 k - a ring of ice
Wands
 n - a wand of iceblast (19)
Scrolls
 d - 2 scrolls of magic mapping
 p - 3 scrolls of fog
 w - 2 scrolls of teleportation
 y - a scroll of noise {unknown}
Potions
 c - 3 potions of flight
 e - a potion of attraction
 f - 2 potions of cancellation
 g - 2 potions of haste
 i - 2 potions of curing
 o - a potion of mutation
 z - a potion of resistance {unknown}
 B - a potion of brilliance {unknown}


   Skills:
 - Level 3.0 Fighting
 - Level 0.1 Short Blades
 - Level 0.1 Maces & Flails
 - Level 0.4 Slings
 - Level 1.9 Dodging
 - Level 1.7 Stealth
 - Level 5.0 Spellcasting
 * Level 11.5 Transmutations
 + Level 11.5 Earth Magic


You had 7 spell levels left.
You knew the following spells:

 Your Spells              Type           Power      Damage    Failure   Level
a - Sandblast             Erth           96%        2d20      1%          1
c - Stone Arrow           Conj/Erth      52%        3d10      3%          3
d - Lee's Rapid Deconstr  Erth           24%        3d14*     3%          5
e - Petrify               Tmut/Erth      48%        N/A       1%          4

Your spell library contained the following spells:

 Spells                   Type           Power      Damage    Failure   Level
 Passwall                 Tmut/Erth      40%        N/A       1%          2
 Apportation              Tloc           8%         N/A       12%         1
 Corona                   Hex            4%         N/A       12%         1
 Freeze                   Ice            16%        1d4       12%         1
 Summon Small Mammal      Summ           16%        N/A       12%         1
 Statue Form              Tmut/Erth      32%        N/A       17%         6
 Alistair's Intoxication  Tmut/Pois      17%        N/A       32%         5
 Call Canine Familiar     Summ           4%         N/A       36%         3
 Frozen Ramparts          Ice            8%         1d2       36%         3
 Summon Guardian Golem    Hex/Summ       4%         N/A       36%         3
 Fulminant Prism          Conj/Hex       2%         3d6       77%         4
 Hailstorm                Conj/Ice       4%         3d4       77%         4
 Silence                  Hex/Air        2%         N/A       98%         5
 Invisibility             Hex            2%         N/A       100%        6
 Lehudib's Crystal Spear  Conj/Erth      13%        10d4      100%        8


Dungeon Overview and Level Annotations

Branches:
Dungeon (10/15)            Temple (1/1) D:7            Lair (0/6) D:9
    Orc: D:9-12

Altars:
Cheibriados
Dithmenos
Elyvilon
Fedhas
Gozag
Kikubaaqudgha
Okawaru
Qazlal
Ru
Sif Muna
Trog
Uskayaw
Vehumet
Wu Jian
Xom
Yredelemnul
The Shining One

Annotations:
D:4 1 runed translucent door, paps's ghost, amateur DsGl


Innate Abilities, Weirdness & Mutations

You can spit globs of acid.
Your golden yellow scales are hard. (AC +7)
You cannot fit into any form of body armour.
You are cold-blooded and may be slowed by cold attacks.
You are resistant to acid. (rCorr)


Message History

The stone arrow hits the deep elf zephyrmancer!
The deep elf zephyrmancer is severely wounded.
The deep elf zephyrmancer hits you but does no damage.
The stone arrow hits the deep elf zephyrmancer!!
You kill the deep elf zephyrmancer!
Cheibriados appreciates the change of pace.
The deep elf pyromancer gestures wildly while chanting.
The stone arrow misses the deep elf pyromancer.
The fire elemental falls through a shaft!
The shaft crumbles and collapses.
The deep elf pyromancer casts a spell.
The deep elf pyromancer blinks!
The stone arrow hits the deep elf zephyrmancer!
The deep elf zephyrmancer is moderately wounded.
The deep elf zephyrmancer casts a spell.
The deep elf zephyrmancer blinks!
The deep elf pyromancer gestures at you while chanting.
The bolt of fire hits you!!
You don't have enough magic to cast this spell.
Your magical contamination has completely faded away.
The deep elf zephyrmancer points at you and mumbles some strange words.
The bolt of lightning hits you!
The deep elf pyromancer points at you and mumbles some strange words.
The sticky flame hits you but does no damage.
You are covered in liquid flames!
You are covered in liquid flames!
The deep elf zephyrmancer casts a spell at you.
The bolt of lightning hits you!!
* * * LOW HITPOINT WARNING * * *
The deep elf pyromancer casts a spell.
You are covered in liquid flames!
* * * LOW HITPOINT WARNING * * *
The deep elf zephyrmancer mumbles some strange words.
The deep elf zephyrmancer blinks!
The deep elf pyromancer mumbles some strange words.
The fire elemental disappears in a puff of smoke!
You feel better.
The deep elf zephyrmancer gestures at you while chanting.
The bolt of lightning hits you!
You die...

#..##..☼○.##...#
#...###§###..#
#.....E......#
#......e°....#
#......☼.○...#.
#.....E.........
#.....e#########
#......#
#...##@#
#...##.#
#....<.#
#......#
#..[...#
#......#
#......#
#......#
#...<..#


You could see a deep elf pyromancer, a deep elf zephyrmancer and 2 fire
elementals.

Vanquished Creatures
  2 two-headed ogres
  A centaur warrior (D:9)
  Pikel (D:5)
  A deep elf zephyrmancer (D:10)
  Joseph (D:7)
  A troll (D:9)
  10 yaks
  2 wyverns (D:9)
  2 steam dragons
  An acid dragon (D:9)
  3 water moccasins (D:9)
  An ice beast (D:7)
  2 orc warriors (D:8)
  A black bear (D:6)
  2 necrophages
  A centaur (D:7)
  2 ogres (D:5)
  A lemure (D:5)
  2 kobold brigands
  A bullfrog (D:8)
  A wyvern skeleton (D:5)
  A wyvern zombie (D:8)
  A water moccasin zombie (D:6)
  4 wights (D:8)
  2 howler monkeys (D:8)
  3 centaur zombies
  2 gnoll shamans
  4 orc priests
  A centaur skeleton (D:7)
  3 hounds
  7 jellies
  A bullfrog skeleton (D:6)
  Terence (D:2)
  7 iguanas
  4 orc wizards
  A hound skeleton (D:4)
  2 howler monkey zombies
  4 adders
  9 gnolls
  A shadow imp (D:6)
  A white imp (D:7)
  2 ufetubi
  A worm (D:2)
  3 dart slugs
  15 orcs
  4 endoplasms
  2 giant cockroaches (D:2)
  13 goblins
  9 hobgoblins
  15 kobolds
  4 quokkas
  3 ball pythons
  4 bats
  3 frilled lizards
  4 rats
180 creatures vanquished.

Vanquished Creatures (others)
  2 bushes
  6 fungi (D:9)
  13 plants (D:9)
21 creatures vanquished.

Grand Total: 201 creatures vanquished

Notes
Turn   | Place    | Note
-------+----------+-------------------------------------------
     0 | D:1      | BOMJPIETVODKU the Draconian Earth Elementalist began the
                  | quest for the Orb.
     0 | D:1      | Reached XP level 1. HP: 14/14 MP: 3/3
     6 | D:1      | Noticed a black bear
     6 | D:1      | Noticed a hound
     6 | D:1      | Noticed an iguana
     7 | D:1      | Noticed an anaconda
     7 | D:1      | Noticed a killer bee
   268 | D:1      | Reached XP level 2. HP: 12/22 MP: 0/5
   700 | D:1      | Found a faded altar of an unknown god.
   733 | D:1      | Reached skill level 1 in Fighting
  1334 | D:1      | Identified a scroll of acquirement
  1334 | D:1      | Acquired 842 gold pieces
  1520 | D:2      | Reached XP level 3. HP: 9/28 MP: 2/6
  2994 | D:3      | Noticed Terence
  3043 | D:2      | Killed Terence
  3044 | D:2      | Reached XP level 4. HP: 21/36 MP: 0/8
  3324 | D:3      | Found a shadowy altar of Dithmenos.
  4218 | D:4      | Found a runed translucent door.
  4219 | D:4      | Noticed paps's ghost (amateur DsGl)
  4219 | D:4      | Noticed a wyvern
  4333 | D:4      | Noticed a steam dragon
  4357 | D:4      | Killed a steam dragon
  4358 | D:4      | Reached XP level 5. HP: 2/42 MP: 1/11
  4752 | D:4      | Reached XP level 6. HP: 50/50 MP: 9/12
  4968 | D:4      | You fall into a shaft and drop 1 floor!
  4968 | D:5      | Entered Level 5 of the Dungeon
  5395 | D:4      | Acquired Ychoqer's Grimoire of Earth and Hexes
  5527 | D:4      | Reached skill level 5 in Spellcasting
  5835 | D:5      | Reached skill level 5 in Earth Magic
  5984 | D:5      | Your scales start taking on a golden yellow colour.
  5984 | D:5      | Reached XP level 7. HP: 56/57 MP: 10/14
  5984 | D:5      | Gained mutation: You are resistant to acid. (rCorr) [Yellow
                  | Draconian growth]
  6091 | D:5      | Noticed a two-headed ogre
  6145 | D:5      | Killed a two-headed ogre
  6146 | D:5      | Reached XP level 8. HP: 6/63 MP: 9/15
  6540 | D:5      | Noticed Pikel
  6551 | D:5      | Killed Pikel
  6869 | D:5      | Found a glowing golden altar of the Shining One.
  6869 | D:5      | Found a hide-covered altar of Uskayaw.
  6984 | D:5      | Learned a level 2 spell: Passwall
  6988 | D:5      | Learned a level 3 spell: Stone Arrow
  6994 | D:5      | Learned a level 5 spell: Lee's Rapid Deconstruction
  7004 | D:5      | Learned a level 4 spell: Petrify
  7052 | D:6      | Reached XP level 9. HP: 69/69 MP: 9/16
  7149 | D:6      | Reached skill level 10 in Earth Magic
  7151 | D:6      | Identified the +8 hunting sling "Kuput" {vorpal, Dex+2}
  8290 | D:7      | Found an ancient bone altar of Kikubaaqudgha.
  8618 | D:7      | Noticed Joseph
  8625 | D:7      | Killed Joseph
  8960 | D:7      | Found a staircase to the Ecumenical Temple.
  8969 | Temple   | Entered the Ecumenical Temple
  9380 | D:7      | Reached skill level 5 in Transmutations
 10729 | D:8      | Reached XP level 10. HP: 77/77 MP: 11/17
 10839 | D:8      | Identified the +0 pair of gloves "Sietun" {+Blink +Inv MP-9
                  | Str+7}
 11538 | D:9      | Found a snail-covered altar of Cheibriados.
 11541 | D:9      | Became a worshipper of Cheibriados the Contemplative
 11549 | D:9      | Noticed a two-headed ogre
 11557 | D:9      | Killed a two-headed ogre
 11750 | D:9      | Found a white marble altar of Elyvilon.
 11832 | D:9      | Reached skill level 10 in Transmutations
 12531 | D:9      | Found a staircase to the Lair.
 12574 | D:9      | Noticed a centaur warrior
 13307 | D:9      | Killed a centaur warrior
 13308 | D:9      | Reached XP level 11. HP: 23/82 MP: 8/18
 13682 | D:10     | Entered Level 10 of the Dungeon
 13753 | D:10     | Noticed a deep elf pyromancer
 13754 | D:10     | Noticed a deep elf zephyrmancer
 13757 | D:10     | Noticed a deep elf zephyrmancer
 13759 | D:10     | Killed a deep elf zephyrmancer
 13770 | D:10     | Killed from afar by a deep elf zephyrmancer

Illustrated notes

Levels and vault maps discovered:
D:1:      onia_arrival_zoo_common, layout_basic,
          ebering_ecumenical_altar_petrified
D:2:      layout_basic, minmay_pentomino_x4
D:3:      layout_basic, nicolae_dithmenos_the_darkroom, grunt_ministairs_2,
          uniq_terence
D:4:      layout_gridville, ebering_ghost_inner_flame
D:5:      layout_basic, gammafunk_temple_overflow_pools, minmay_misc_feat_x,
          uniq_pikel
D:6:      layout_basic, minmay_hedge_maze
D:7:      layout_layer_cave, nicolae_kikubaaqudgha_miasma_corner,
          temple_fountains, uniq_joseph
D:8:      layout_loops_ring
D:9:      layout_rooms, kennysheep_mini, elyvilon_altar_3,
          minmay_lair_entry_grove
D:10:     kennysheep_seaside_town, layout_stronghold,
          grunt_temple_overflow_order_and_chaos_2, mainiacjoe_overflow_alcove_2,
          gammafunk_temple_overflow_statue, erik_orc_2, minmay_fountain_box,
          bh_hangedman_babel_library, uniq_erica, uniq_fannar
Temple:   minmay_temple_curvy_loop

Skill      XL: |  1  2  3  4  5  6  7  8  9 10 |
---------------+-------------------------------+-----
Fighting       | 1 2 3 |  3.0
Spellcasting   | 4 5 |  5.0
Earth Magic    | 4 5 8 9 11 | 11.5
Transmutations | 3 7 11 | 11.5
Short Blades   | |  0.1
Maces & Flails | |  0.1
Slings         | |  0.4
Dodging        | |  1.9
Stealth        | |  1.7

Action                   |  1- 3 |  4- 6 |  7- 9 | 10-12 || total
-------------------------+-------+-------+-------+-------++-------
Melee: Unarmed           |    18 |       |       |       ||    18
       Dagger            |   107 |   147 |     2 |       ||   256
       Tailslap          |    14 |    14 |     6 |     1 ||    35
       Whip              |       |       |    39 |    34 ||    73
 Fire: Hunting sling     |       |       |    10 |       ||    10
 Cast: Sandblast         |    21 |    49 |   117 |    29 ||   216
       Lee's Rapid Decon |       |       |     8 |    18 ||    26
       Stone Arrow       |       |       |       |    11 ||    11
       Passwall          |       |       |       |     1 ||     1
 Abil: Breathe Acid      |       |       |     2 |       ||     2
  Use: Scroll            |     7 |     3 |     6 |     4 ||    20
       Potion            |       |     1 |       |     4 ||     5
 Stab: Sleeping          |     3 |     3 |       |       ||     6
Armor: Skin              |    30 |    46 |    51 |    36 ||   163
Dodge: Dodged            |    72 |   104 |    65 |    46 ||   287
